 Dungeon Crawl Stone Soup version 0.18.1-50-g88ac8fd (webtiles) character file.

133 Rikonman the Conjurer (level 5, -2/45 HPs)
             Began as a Hill Orc Wanderer on Oct 24, 2016.
             Was an Initiate of Beogh.
             Killed by nerve-wracking pain
             ... invoked by an orc priest
              (13 damage)
             ... on level 3 of the Dungeon.
             The game lasted 00:11:50 (3695 turns).

Rikonman the Conjurer (Hill Orc Wanderer)           Turns: 3695, Time: 00:11:51

Health: -2/45      AC:  8    Str: 13    XL:     5   Next: 16%
Magic:  4/8        EV:  8    Int: 12    God:    Beogh [......]
Gold:   120        SH:  0    Dex: 13    Spells: 1 memorised, 8 levels left

rFire  . . .     SeeInvis .     n - +0 spear
rCold  . . .     Gourm    .     g - +0 scale mail
rNeg   . . .     Faith    .     (no shield)
rPois  .         Spirit   .     i - +0 helmet
rElec  .         Dismiss  .     (no cloak)
rCorr  .         Reflect  .     (no gloves)
SustAt .         Harm     .     (no boots)
MR     .....                    (no amulet)
Stlth  ..........               (no ring)
                                (no ring)

@: very slightly contaminated, not resistant to hostile enchantments, extremely
unstealthy
A: no striking features
a: Renounce Religion


You were on level 3 of the Dungeon.
You worshipped Beogh.
Beogh was noncommittal.
You were hungry.

You visited 1 branch of the dungeon, and saw 3 of its levels.

You collected 120 gold pieces.

Inventory:

Hand Weapons
 e - a +0 club
 n - a +0 spear (weapon)
Missiles
 k - 69 stones (quivered)
 q - a throwing net
 u - 28 poisoned needles
Armour
 d - a +0 robe
 g - a +0 scale mail (worn)
 i - a +0 helmet (worn)
 p - a +0 shield
Scrolls
 c - a scroll of teleportation
 h - a scroll of enchant armour {unknown}
 j - 6 scrolls of enchant weapon {unknown}
 o - a scroll of noise {unknown}
 v - a scroll of recharging {unknown}
 w - a scroll of identify {unknown}
 x - a scroll of amnesia {unknown}
Potions
 l - a potion of curing
 m - a potion of berserk rage {unknown}
 s - a potion of lignification {unknown}
 t - a potion of might {unknown}
Books
 a - a book of Conjurations

   Spells                             Type                      Level
   a - Magic Dart                     Conjuration                  1
   b - Searing Ray                    Conjuration                  2
   c - Dazzling Spray                 Conjuration/Hexes            3
   d - Fulminant Prism                Conjuration/Hexes            4
   e - Iskenderun's Mystic Blast      Conjuration                  4
   f - Iskenderun's Battlesphere      Conjuration/Charms           5
 b - the Collected Works on Lightness

   Spells                             Type                      Level
   a - Repel Missiles                 Charms/Air                   2
   b - Swiftness                      Charms/Air                   2
Comestibles
 f - a bread ration
 r - a meat ration
 z - 10 chunks of flesh


   Skills:
 - Level 3.0 Fighting
 + Level 2.7 Armour
 - Level 1.1 Shields
 - Level 2.5 Spellcasting
 - Level 4.0 Conjurations
   Level 1.7 Ice Magic
   Level 1.0 Evocations


You had 8 spell levels left.
You knew the following spells:

 Your Spells              Type           Power        Failure   Level  Hunger
a - Magic Dart            Conj           ##..         24%         1    #......


Dungeon Overview and Level Annotations

Branches:
Dungeon (3/15)

Altars:
Sif Muna
Trog

Annotations:
D:2 potion


Message History

The orc hits you but does no damage.
Casting: Magic Dart
Confirm with . or Enter, or press ? or * to list all spells.
Aiming: Magic Dart
Press: ? - help, Shift-Dir - straight line, f/p - orc priest
Aim: an orc priest, wielding a dagger (lightly wounded)
You miscast Magic Dart.
Your skin glows momentarily.
The orc priest hits you but does no damage.
You hit the orc priest.
The orc priest is moderately wounded.
The orc closely misses you. The orc priest barely misses you.
You hit the orc priest.
The orc priest is moderately wounded.
The orc priest barely misses you. The orc completely misses you.
You hit the orc priest.
The orc priest is heavily wounded.
The orc priest mumbles some strange prayers to Beogh against you.
Pain shoots through your body!
You die...
Beogh appreciates the orc priest's killing of a heretic priest.

#......# # ##.#
+......+ #.## #......#
##########.(# #......#
#.>......)#.#
#......####.#####.#.#.#
####...#........#)#.#.#
#.#..)....##.#)#.#.#
#.#.oo###.##.....#..
#.#..@# ####...####.
#.#...# #...# . .......
#...# ##.##.$.. #...#
#. ...... #...# #
##...... #...#
#......##....
#.#######.###


You could see an orc priest and an orc.

Vanquished Creatures
  4 adders
  3 oozes
  3 dart slugs
  A giant gecko (D:2)
  2 orcs (D:3)
  A ball python (D:2)
  12 bats
  3 giant cockroaches
  11 goblins
  10 hobgoblins
  2 quokkas
  2 giant newts
  8 kobolds
  9 rats
71 creatures vanquished.

Notes
Turn   | Place    | Note
--------------------------------------------------------------
     0 | D:1      | Rikonman the Hill Orc Wanderer began the quest for the Orb.
     0 | D:1      | Rikonman set off with: a book of Conjurations, the Collected Works on Lightness, a scroll of teleportation, a +0 robe, a +0 club, a bread ration
     0 | D:1      | Reached XP level 1. HP: 14/14 MP: 3/3
     2 | D:1      | Learned a level 1 spell: Magic Dart
   529 | D:1      | Reached XP level 2. HP: 20/20 MP: 1/5
  1283 | D:1      | Reached XP level 3. HP: 26/26 MP: 4/6
  1473 | D:1      | Reached skill level 1 in Fighting
  2268 | D:2      | Reached XP level 4. HP: 30/37 MP: 0/7
  2542 | D:2      | Reached skill level 1 in Armour
  2821 | D:2      | Found a bloodstained altar of Trog.
  3022 | D:2      | Found a deep blue altar of Sif Muna.
  3501 | D:3      | Reached XP level 5. HP: 36/45 MP: 1/8
  3540 | D:3      | Became a worshipper of Beogh the Brigand
  3688 | D:3      | HP: 2/45 [orc/mace (4)]
  3695 | D:3      | Killed from afar by an orc priest

Skill      XL: |  1  2  3  4 |
---------------+-------------+-----
Spellcasting   | 2 |  2.5
Fighting       | 2 3 |  3.0
Armour         | 2 |  2.7
Shields        | |  1.1
Conjurations   | |  4.0
Ice Magic      | |  1.7
Evocations     | |  1.0

Action                   |  1- 3 |  4- 6 || total
-------------------------+-------+-------++-------
Melee: Club              |    33 |       ||    33
       Spear             |   151 |   148 ||   299
 Cast: Magic Dart        |    22 |    24 ||    46
Invok: Convert to Beogh  |       |     1 ||     1
  Use: Potion            |       |     1 ||     1
  Eat: Chunk             |     4 |     6 ||    10
Armor: Scale mail        |   120 |    57 ||   177
Dodge: Dodged            |    61 |    37 ||    98
Block: Shield            |    39 |       ||    39
